 Dungeon Crawl Stone Soup version 0.30.0-29-ga12c61a403 (webtiles) character file.

Game seed: 15237118806408491825

20009 Graphine the Nimble (level 12, -16/112 HPs)
             Began as a Merfolk Gladiator on June 21, 2023.
             Killed from afar by a deep elf zephyrmancer (35 damage)
             ... with a bolt of lightning
             ... on level 14 of the Dungeon.
             The game lasted 00:36:00 (15133 turns).

Graphine the Nimble (Merfolk Gladiator)            Turns: 15133, Time: 00:36:01

Health: -16/112    AC: 10    Str: 14    XL:     12   Next: 75%
Magic:  17/17      EV: 20    Int:  9    God:
Gold:   973        SH:  0    Dex: 19    Spells: 11/11 levels left

rFire   . . .        C - +1 great sword (holy)
rCold   . . .        (shield currently unavailable)
rNeg    . . .        V - +1 acid dragon scales
rPois   .            (helmet restricted)
rElec   .            E - scarf {repulsion}
rCorr   +            p - +0 pair of gloves
SInv    .            (no boots)
Will    .....        (no amulet)
Stlth   +            (no ring)
HPRegen 0.38/turn    (no ring)
MPRegen 0.15/turn

%: repel missiles
@: no status effects
A: (nimble swimmer 2), mertail, horns 1, iridescent scales 1, robust 1,
MP-powered wands
a: no special abilities


You were on level 14 of the Dungeon.
You visited 1 branch of the dungeon, and saw 14 of its levels.
You also visited: Sewer and Ossuary.

You collected 973 gold pieces.

Inventory:

Hand Weapons
 f - a +2 sling of freezing
 u - a +3 heavy falchion
 y - the +7 dagger of Waudav {venom, Dex+4}
   (You found it on level 4 of the Dungeon)

   Dex:       It affects your dexterity (+4).
 A - a +4 sling
 B - a +3 great sword of protection
 C - a +1 great sword of holy wrath (weapon)
Missiles
 e - a javelin
 k - 2 throwing nets
 n - 6 curare-tipped darts
Armour
 p - a +0 pair of gloves (worn)
 E - a scarf of repulsion (worn)
 V - +1 acid dragon scales (worn)
Jewellery
 c - a ring of magical power
 h - a ring of ice
 F - a +4 ring of slaying
 G - a ring of see invisible
 H - an amulet of magic regeneration
 L - a ring of fire
 S - a +6 ring of intelligence
Wands
 a - a wand of paralysis (11)
 w - a wand of polymorph (7)
 J - a wand of flame (11) (quivered)
 R - a wand of iceblast (16)
 T - a wand of quicksilver (1)
Scrolls
 d - a scroll of amnesia
 j - a scroll of silence
 l - 3 scrolls of fog
 r - a scroll of identify
 x - 2 scrolls of magic mapping
 D - 3 scrolls of vulnerability
 Q - a scroll of teleportation
Potions
 b - 2 potions of resistance {unknown}
 g - 6 potions of curing
 i - 5 potions of degeneration
 m - 4 potions of attraction
 o - 3 potions of might
 q - 6 potions of mutation
 s - 2 potions of magic {unknown}
 t - a potion of invisibility {unknown}
 v - 4 potions of flight {unknown}
 I - 2 potions of haste
 N - a potion of brilliance {unknown}
 O - 2 potions of cancellation {unknown}
 P - 2 potions of ambrosia {unknown}


   Skills:
 * Level 11.8 Fighting
 * Level 13.0 Long Blades
 + Level 7.5 Throwing
 * Level 14.0 Dodging
 + Level 7.9 Invocations


You had 11 spell levels left.
You didn't know any spells.
Your spell library contained the following spells:

 Spells                   Type           Power      Damage    Failure   Level
 Magic Dart               Conj           0%         1d3       52%         1
 Sting                    Tmut/Pois      0%         1d3       52%         1
 Call Imp                 Summ           0%         N/A       65%         2
 Poisonous Vapours        Pois/Air       0%         N/A       65%         2
 Hailstorm                Conj/Ice       0%         3d3       87%         3
 Mephitic Cloud           Conj/Pois/Air  0%         N/A       87%         3
 Portal Projectile        Hex/Tloc       0%         N/A       87%         3
 Tukima's Dance           Hex            0%         N/A       87%         3
 Animate Armour           Summ/Erth      0%         N/A       99%         4
 Ice Form                 Ice/Tmut       0%         N/A       99%         4
 Olgreb's Toxic Radiance  Pois           0%         N/A       99%         4
 Blade Hands              Tmut           0%         N/A       100%        5
 Summon Forest            Summ/Tloc      0%         N/A       100%        5
 Eringya's Noxious Bog    Tmut/Pois      0%         N/A       100%        6
 Iron Shot                Conj/Erth      0%         9d1       100%        6
 Simulacrum               Ice/Necr       0%         N/A       100%        6
 Malign Gateway           Summ/Tloc      0%         N/A       100%        7
 Summon Hydra             Summ           0%         N/A       100%        7
 Summon Horrible Things   Summ           0%         N/A       100%        8


Dungeon Overview and Level Annotations

Branches:
Dungeon (14/15)            Temple (0/1) D:4            Lair (0/5) D:11
    Orc (0/2) D:10          Sewer (visited)         Ossuary (visited)
 Vaults: D:13-14

Altars:
Ashenzari
Elyvilon
Qazlal
Sif Muna
Xom
Zin

Shops:
D:3 *   D:12 (


Innate Abilities, Weirdness & Mutations

((You are very nimble when in or above water. (Stealth+, EV+, Speed+++)))
Your lower body shifts to a powerful aquatic tail in water.
You have a pair of small horns on your head.
You are partially covered in iridescent scales. (AC +2)
You are robust. (+10% HP)
You expend magic power (3 MP) to strengthen your wands.


Message History

The yaktaur closely misses you.
The centaur warrior completely misses you. x2
You closely miss the centaur warrior.
The centaur warrior is severely wounded.
The centaur warrior barely misses you. x2; The yaktaur misses you.
You hit the centaur warrior. You headbutt the centaur warrior.
The centaur warrior is severely wounded.
The centaur warrior barely misses you. The centaur warrior kicks you.
The deep elf zephyrmancer casts a spell.
The deep elf zephyrmancer blinks!
The yaktaur hits you. The centaur warrior hits you!
* * * LOW HITPOINT WARNING * * *
The centaur warrior completely misses you.
You slice the centaur warrior!!
You kill the centaur warrior!
The centaur shoots an arrow.
The arrow closely misses you.
The arrow hits the yaktaur!
The yaktaur hits you!
* * * LOW HITPOINT WARNING * * *
Your Long Blades skill increases to level 13!
Okay, then.
Blink to where?
Press: ? - help, Dir - move target
As you read the scroll of blinking, it crumbles to dust.
The orc no longer looks unusually strong.
The centaur shoots an arrow.
The arrow misses you.
The deep elf zephyrmancer mumbles some strange words.
The deep elf zephyrmancer blinks!
The centaur shoots an arrow.
The arrow misses you.
The deep elf zephyrmancer mumbles some strange words.
The deep elf zephyrmancer blinks!
The orc attacks as you move away! The orc closely misses you.
The orc attacks as you move away! The orc hits you but does no damage.
The orc knight roars a battlecry!
The orcs go into a battle-frenzy!
The orc attacks as you move away! The orc completely misses you.
The deep elf zephyrmancer casts a spell at you.
The bolt of lightning hits the orc!!
The orc dies!
The bolt of lightning hits you!!
You die...

#.. #.# #### #.# #..# ## #
#####.## #..# . .#
#......#########..# .## .# .
#......#.......'..#. #.#..#.#
#......#.#######.>#..##.#..#.##
#........# #..# #...e......
#.....>### #@######e#..#.##
##.##### #..)..e......... ...#
##.co.eo........ .###
#######.#..#.## .# #..........
########## #..##)#..#.##
......)..# #. #c#..#.#
.........# # #)## .# e
...<.....# ..c .#


You could see an orc knight, 2 deep elf zephyrmancers, a centaur and an orc
(strong).

Vanquished Creatures
  Kirke (D:13)
  2 centaur warriors
  4 two-headed ogres
  A tengu warrior (D:13)
  An ugly thing (D:13)
  A deep elf pyromancer (D:14)
  Pikel (D:9)
  The ghost of GeoRichter the Geomancer, a novice SpVM of Vehumet (D:7)
  4 cyclopes
  A gargoyle (D:12)
  A yaktaur (D:14)
  A tengu conjurer (D:13)
  3 trolls
  Sigmund (D:4)
  A shadow (D:13)
  7 wraiths
  2 water elementals (D:13)
  2 hogs (D:12)
  A vampire (D:11)
  4 wyverns
  11 yaks
  A basilisk (D:11)
  Edmund (D:5)
  2 acid dragons
  Duvessa (D:7)
  3 water moccasins
  6 orc warriors
  2 ice beasts (D:6)
  A sky beast (D:7)
  3 ogres
  2 wolves (D:11)
  6 centaurs
  A phantom (D:5)
  3 kobold brigands
  4 bullfrogs
  2 gnoll sergeants
  2 scorpions
  8 wights (D:7)
  Dowan (D:7)
  10 killer bees
  3 electric eels
  10 howler monkeys
  A jelly (D:6)
  6 hounds
  2 gnoll boudas
  8 orc priests
  Crazy Yiuf (D:7)
  2 sleepcaps
  Ijyb (D:3)
  Terence (D:2)
  3 iguanas
  7 orc wizards
  12 mummies (Ossuary)
  24 gnolls
  A river rat (D:3)
  8 adders
  A shadow imp (D:8)
  3 white imps
  3 worms
  4 dart slugs
  27 orcs
  8 ball pythons
  6 bats
  5 endoplasms
  2 giant cockroaches
  4 goblins
  5 hobgoblins
  5 quokkas
  4 frilled lizards
  2 gnoll skeletons (Ossuary)
  A goblin skeleton (Ossuary)
  A goblin zombie (D:8)
  19 kobolds
  3 kobold skeletons (Ossuary)
  2 orc skeletons (Ossuary)
  A quokka zombie (D:8)
  11 rats
  11 rat skeletons (Ossuary)
328 creatures vanquished.

Vanquished Creatures (others)
  A human (D:13)
  An orc (D:14)
2 creatures vanquished.

Grand Total: 330 creatures vanquished

Notes
Turn   | Place    | Note
-------+----------+-------------------------------------------
     0 | D:1      | Graphine the Merfolk Gladiator began the quest for the Orb.
     0 | D:1      | Reached XP level 1. HP: 16/16 MP: 1/1
    42 | D:1      | Reached XP level 2. HP: 16/23 MP: 2/2
   210 | D:1      | Reached XP level 3. HP: 28/28 MP: 3/3
   286 | D:1      | Reached skill level 1 in Invocations
   908 | D:2      | Noticed Terence
  1105 | D:2      | Found a faded altar of an unknown god.
  1303 | D:2      | Killed Terence
  1304 | D:2      | Reached XP level 4. HP: 9/35 MP: 4/4
  1692 | D:3      | Found Voefe's Assorted Antiques.
  1729 | D:3      | Found a glowing drain.
  1750 | Sewer    | Entered a sewer
  1787 | Sewer    | Noticed a kobold brigand
  1858 | Sewer    | Killed a kobold brigand
  1859 | Sewer    | Reached skill level 5 in Dodging
  1859 | Sewer    | Reached XP level 5. HP: 11/41 MP: 6/6
  2163 | Sewer    | Noticed a kobold brigand
  2190 | Sewer    | Killed a kobold brigand
  2191 | Sewer    | Reached skill level 5 in Long Blades
  2191 | Sewer    | Reached XP level 6. HP: 41/48 MP: 7/7
  2471 | D:3      | Noticed Ijyb
  2492 | D:3      | Killed Ijyb
  2832 | D:3      | Found a shimmering blue altar of Sif Muna.
  2960 | D:4      | Gained mutation: You are partially covered in iridescent
                  | scales. (AC +2) [potion of mutation]
  2960 | D:4      | Gained mutation: You have a pair of small horns on your
                  | head. [potion of mutation]
  2960 | D:4      | Gained mutation: You are robust. (+10% HP) [potion of
                  | mutation]
  2960 | D:4      | Gained mutation: You expend magic power (3 MP) to
                  | strengthen your wands. [potion of mutation]
  3124 | D:4      | Reached skill level 6 in Dodging
  3152 | D:4      | Found a staircase to the Ecumenical Temple.
  3167 | D:4      | Identified the +7 dagger of Waudav {venom, Dex+4}
  3494 | D:4      | Reached XP level 7. HP: 60/60 MP: 8/8
  3555 | D:4      | Found a transporter.
  3555 | D:4      | Found a shimmering altar of Xom.
  3562 | D:4      | Noticed Sigmund
  3571 | D:4      | Killed Sigmund
  3597 | D:4      | Found a transporter.
  4190 | D:4      | Reached skill level 5 in Fighting
  4387 | D:5      | Entered Level 5 of the Dungeon
  4445 | D:5      | Noticed Edmund
  4447 | D:5      | Reached XP level 8. HP: 68/68 MP: 10/10
  4457 | D:5      | Reached skill level 7 in Dodging
  4462 | D:5      | Killed Edmund
  5186 | D:5      | Found a broken altar of Ashenzari.
  5190 | D:5      | Saw a vision of the Shoals and the Snake Pit.
  5190 | D:5      | Noticed a manticore
  5190 | D:5      | Noticed a merfolk
  5190 | D:5      | Noticed a merfolk
  5190 | D:5      | Noticed a harpy
  5190 | D:5      | Noticed a naga ritualist
  5190 | D:5      | Noticed a skyshark
  5190 | D:5      | Noticed a black mamba
  5190 | D:5      | Noticed a manticore
  5190 | D:5      | Noticed a naga mage
  5190 | D:5      | Noticed a naga mage
  5190 | D:5      | Noticed a manticore
  5190 | D:5      | Noticed a black mamba
  5191 | D:5      | Noticed a manticore
  5415 | D:6      | Reached skill level 8 in Dodging
  5591 | D:6      | Reached XP level 9. HP: 64/78 MP: 11/11
  6245 | D:7      | Found a runed translucent door.
  6554 | D:7      | Reached skill level 9 in Dodging
  6806 | D:7      | Noticed Duvessa
  6806 | D:7      | Noticed Dowan
  6910 | D:7      | Killed Duvessa
  6915 | D:7      | Killed Dowan
  7109 | D:7      | Found a runed translucent door.
  7130 | D:7      | Noticed GeoRichter's ghost (novice SpVM)
  7145 | D:7      | Killed GeoRichter's ghost
  7146 | D:7      | Reached skill level 5 in Throwing
  7146 | D:7      | Reached skill level 5 in Invocations
  7146 | D:7      | Reached XP level 10. HP: 82/88 MP: 13/13
  7398 | D:7      | Noticed Crazy Yiuf
  7406 | D:7      | Killed Crazy Yiuf
  7440 | D:8      | Found a sand-covered staircase.
  7459 | Ossuary  | Entered an ossuary
  7596 | Ossuary  | Reached skill level 10 in Dodging
  7771 | D:8      | Noticed a two-headed ogre
  7793 | D:8      | Killed a two-headed ogre
  8419 | D:9      | Noticed a two-headed ogre
  8432 | D:9      | Killed a two-headed ogre
  8440 | D:9      | Reached skill level 10 in Long Blades
  8704 | D:9      | Noticed Pikel
  8716 | D:9      | Killed Pikel
  8717 | D:9      | Reached skill level 11 in Dodging
  8882 | D:9      | Found a stormy altar of Qazlal.
  9093 | D:9      | Noticed a two-headed ogre
  9100 | D:9      | Killed a two-headed ogre
  9242 | D:9      | Reached XP level 11. HP: 89/97 MP: 15/15
  9336 | D:9      | Found a white marble altar of Elyvilon.
  9906 | D:10     | Entered Level 10 of the Dungeon
 10424 | D:10     | Found a staircase to the Orcish Mines.
 10515 | D:10     | Reached skill level 10 in Fighting
 10515 | D:10     | Reached skill level 12 in Dodging
 10836 | D:10     | Found a glowing silver altar of Zin.
 11041 | D:11     | Noticed a cyclops
 11093 | D:11     | Killed a cyclops
 11220 | D:11     | Found a staircase to the Lair.
 11698 | D:11     | You fall into a shaft and drop 2 floors!
 11804 | D:13     | Noticed a cyclops
 11824 | D:13     | Killed a cyclops
 11930 | D:13     | Noticed a centaur warrior
 11942 | D:13     | Killed a centaur warrior
 11943 | D:13     | Reached XP level 12. HP: 51/108 MP: 17/17
 12123 | D:13     | Noticed a tengu warrior
 12125 | D:13     | Noticed a two-headed ogre
 12126 | D:13     | Reached skill level 13 in Dodging
 12152 | D:13     | Killed a two-headed ogre
 12164 | D:13     | Killed a tengu warrior
 12408 | D:13     | Noticed Kirke
 13052 | D:12     | Found Walod's Weapon Boutique.
 14110 | D:12     | HP: 4/110 [hog[Kirke] (13)]
 14505 | D:13     | Killed Kirke
 15113 | D:14     | Noticed a centaur warrior
 15120 | D:14     | Reached skill level 14 in Dodging
 15126 | D:14     | Killed a centaur warrior
 15133 | D:14     | Killed from afar by a deep elf zephyrmancer

Illustrated notes

Levels and vault maps discovered:
D:1:      amcnicky_arrival_double_pillar, layout_basic, serial_bayou_crossing
D:2:      layout_basic, shapermc_ecumenical_altar_mp_ritualfount, uniq_terence
D:3:      layout_loops_ring, led_sif_pool, serial_shops, shop,
          portal_sewer_entry_a, kennysheep_generic_room_12, uniq_ijyb
D:4:      layout_layer_cave, gammafunk_temple_overflow_arena,
          minmay_temple_entry_offerings, uniq_sigmund
D:5:      layout_basic, grunt_ashenzari_visionary
          [grunt_ashenzari_visionary_shoals, grunt_ashenzari_visionary_snake],
          uniq_edmund
D:6:      layout_gridville, kennysheep_generic_room_10
D:7:      layout_gridville, ebering_ghost_reflecting_pool,
          uniq_crazy_yiuf_cottage, uniq_duvessa
D:8:      layout_cave_pools, enter_ossuary_4, minivault_22,
          kennysheep_minor_cross, nicolae_fountain_basement
D:9:      layout_stronghold, nicolae_qazlal_style_of_elements,
          mainiacjoe_overflow_24_doors, uniq_pikel
D:10:     layout_cave_pools, zin_treasury, david_orc_4
D:11:     layout_loops_ring, erik_lair_island, chequers_jeans
D:12:     layout_rooms, serial_shops, nicolae_shop_stone
D:13:     layout_big_octagon, uniq_kirke
D:14:     layout_roguey, hangedman_vaults_entry_quadrant_bands,
          minmay_the_grid_2x2 [minmay_the_grid_zigzag_pyramid,
          minmay_the_grid_broken_lines, minmay_the_grid_gridbox,
          minmay_the_grid_prize_shrinking_boxes], uniq_louise, uniq_jorgrun

Skill      XL: |  1  2  3  4  5  6  7  8  9 10 11 12 |
---------------+-------------------------------------+-----
Long Blades    | 4 5 6 7 9 10 11 13 | 13.0
Invocations    | 1 2 3 5 6 7 |  7.9
Fighting       | 3 4 5 6 7 9 10 11 | 11.8
Dodging        | 5 6 8 9 11 12 14 | 14.0
Throwing       | 3 4 5 6 7 |  7.5

Action                     |  1- 3 |  4- 6 |  7- 9 | 10-12 || total
---------------------------+-------+-------+-------+-------++-------
  Melee: Long sword        |    39 |    32 |       |       ||    71
         Tailslap          |       |     3 |     1 |     7 ||    11
         Falchion          |       |    26 |       |       ||    26
         Dagger            |       |    11 |     9 |       ||    20
         Unarmed           |       |     8 |       |    16 ||    24
         Headbutt          |       |     1 |    41 |   103 ||   145
         Great sword       |       |       |   197 |   493 ||   690
   Fire: Sling             |    51 |    19 |       |       ||    70
  Throw: Boomerang         |     9 |    89 |    27 |   166 ||   291
         Throwing net      |     1 |       |     2 |     3 ||     6
         Dart              |       |       |     1 |       ||     1
         Javelin           |       |       |     1 |       ||     1
  Evoke: Wand              |       |       |    12 |    37 ||    49
    Use: Scroll            |     2 |     7 |     6 |    14 ||    29
         Potion            |       |     3 |     7 |    11 ||    21
   Stab: Sleeping          |     1 |     1 |       |     2 ||     4
 Armour: Leather armour    |     9 |       |       |       ||     9
         Robe              |    16 |    14 |    68 |    35 ||   133
         Skin              |       |     9 |       |       ||     9
         Acid dragon scale |       |       |       |    61 ||    61
  Dodge: Dodged            |    48 |    79 |   277 |   659 ||  1063
         Repelled          |       |       |     3 |     6 ||     9
